 Dungeon Crawl Stone Soup version 0.31-a0-557-g6e16503903 (webtiles) character file.

Game seed: 453015311205506270

1821 Shayle the Trooper (level 9, -5/96 HPs)
             Began as an Ogre Shapeshifter on Aug 16, 2023.
             Was a Follower of Qazlal.
             Slain by a killer bee (8 damage)
             ... on level 8 of the Dungeon.
             The game lasted 00:18:08 (6473 turns).

Shayle the Trooper (Ogre Shapeshifter)              Turns: 6473, Time: 00:18:10

Health: -5/96      AC:  3    Str: 21    XL:     9   Next: 10%
Magic:  24/24      EV:  9    Int: 13    God:    Qazlal [*.....]
Gold:   186        SH:  1    Dex:  9    Spells: 17/20 levels left

rFire   . .          .
                       - Unarmed
rCold   . . .        (no shield)
rNeg    + . .        a - +0 animal skin
rPois   .            (helmet currently unavailable)
rElec   .            (cloak currently unavailable)
rCorr   .            (gloves unavailable)
SInv    .            (boots unavailable)
Will    .....        w
                       - Hermit's Pendant {Faith Invo=14 Evo=0 MP+5}
Stlth   +            v - ring of positive energy
HPRegen 0.36/turn    (no ring)
MPRegen 0.19/turn

%: faith
@: lethally poisoned (-5 -> -14), beast-form
A: beast (slay +2), large, unfitting armour, tough skin 1
a: Begin Untransformation, Renounce Religion


You were on level 8 of the Dungeon.
You worshipped Qazlal.
Qazlal was aware of your devotion.
You were a hulking beast.
You visited 1 branch of the dungeon, and saw 7 of its levels.

You collected 186 gold pieces.

Inventory:

Hand Weapons
 b - a +1 heavy quarterstaff
 j - a +1 heavy scimitar
Missiles
 f - a throwing net
Armour
 a - a +0 animal skin (worn)
 t - a +2 cloak
Jewellery
 v - a ring of positive energy (left hand)
 w - the Hermit's Pendant (around neck) {Faith Invo=14 Evo=0 MP+5}
   (You found it on level 4 of the Dungeon)

   [amulet of faith]

   Invo=14: It sets your Invocations skill to 14.
   Evo=0: It sets your Evocations skill to 0.
   Faith:     It allows you to gain divine favour quickly.
   MP+5:      It affects your magic capacity (+5).
Talismans
 c - a beast talisman (active)
 d - a flux talisman
Wands
 h - a wand of quicksilver (5)
Scrolls
 e - 2 scrolls of fog {unknown}
 g - 3 scrolls of teleportation
 i - a scroll of poison
 k - a scroll of brand weapon {unknown}
 m - a scroll of torment {unknown}
 o - a scroll of amnesia {unknown}
 q - a scroll of immolation {unknown}
 r - a scroll of fear {unknown}
 u - a scroll of noise {unknown}
 x - a scroll of enchant weapon {unknown}
Potions
 n - 3 potions of enlightenment
 s - a potion of haste
 z - a potion of brilliance


   Skills:
 + Level 7.9 Fighting
 - Level 1.7 Dodging
 + Level 6.1 Unarmed Combat
 + Level 6.3 Spellcasting
 + Level 4.2 Ice Magic
 - Level 3.0 Shapeshifting


You had 17 spell levels left.
You knew the following spells:

 Your Spells              Type           Power      Damage    Failure   Level
a - Frozen Ramparts       Ice            30%        1d5       9%          3

Your spell library contained the following spells:

 Spells                   Type           Power      Damage    Failure   Level
 Freeze                   Ice            60%        1d7       2%          1
 Ozocubu's Armour         Ice            15%        N/A       9%          3
 Hailstorm                Conj/Ice       9%         3d4       21%         3
 Passage of Golubria      Tloc           4%         N/A       85%         4
 Metabolic Englaciation   Hex/Ice        4%         N/A       88%         5
 Silence                  Hex/Air        2%         N/A       99%         5
 Simulacrum               Ice/Necr       4%         N/A       100%        6
 Lehudib's Crystal Spear  Conj/Erth      2%         10d2      100%        8


Dungeon Overview and Level Annotations

Branches:
Dungeon (6/15)
 Temple: D:4-7

Altars:
Cheibriados
Qazlal
Trog

Annotations:
D:3 3 runed translucent doors, wormstring's ghost, weakling FeCK
D:5 1 runed translucent door, epsilonplus's ghost, novice VSBr


Innate Abilities, Weirdness & Mutations

You are a hulking beast.
Your limbs bulge with bestial killing power. (Slay +2)
You are too large for most types of armour.
You have tough skin. (AC +1)


Message History

Okay, then.
Okay, then.
You hit the killer bee.
The killer bee is heavily wounded.
The killer bee closely misses you. The killer bee stings you.
* * * LOW HITPOINT WARNING * * *
You are poisoned.
The killer bee poisons you! The killer bee barely misses you.
The killer bee stings you.
* * * LOW HITPOINT WARNING * * *
The killer bee stings you.
* * * LOW HITPOINT WARNING * * *
The killer bee stings you but does no damage.
The killer bee barely misses you. The killer bee stings you.
* * * LOW HITPOINT WARNING * * *
You are more poisoned.
The killer bee poisons you!
Unknown command.
You feel better. The killer bee stings you.
* * * LOW HITPOINT WARNING * * *
You are poisoned.
The killer bee poisons you! The killer bee stings you.
* * * LOW HITPOINT WARNING * * *
The killer bee stings you.
* * * LOW HITPOINT WARNING * * *
You are lethally poisoned!
The killer bee poisons you! The killer bee stings you.
* * * LOW HITPOINT WARNING * * *
The killer bee closely misses you. The killer bee stings you.
* * * LOW HITPOINT WARNING * * *
The killer bee stings you but does no damage.
The killer bee barely misses you.
Nothing appears to happen.
As you read the scroll labelled ELORALADURIE, it crumbles to dust.
It was a scroll of poison.
* * * LOW HITPOINT WARNING * * *
You feel very sick.
The killer bee stings you but does no damage.
The killer bee stings you!
You die... #+ +# #y#y# #yhy#

#####
#### ...#
#.## ##.#
...# #.#
...###
##.######
..... #
..z.....#
...##.#
.....##.#
.......


You could see 4 killer bees.

Vanquished Creatures
  Pikel (D:3)
  Eustachio (D:4)
  An ice beast (D:5)
  2 black bears
  2 phantoms (D:5)
  Blork the orc (D:4)
  2 scorpions (D:5)
  3 jellies
  A hound (D:4)
  3 orc priests
  Jessica (D:2)
  An iguana (D:5)
  2 orc wizards (D:4)
  Natasha (thrice) (D:2)
  Ijyb (D:4)
  A gnoll (D:4)
  7 adders
  A white imp (D:5)
  A worm (D:2)
  6 dart slugs
  15 orcs
  6 ball pythons
  8 endoplasms
  2 giant cockroaches
  5 goblins
  8 hobgoblins
  4 jackals (D:1)
  7 quokkas
  6 bats
  6 frilled lizards
  7 kobolds
  2 rats
117 creatures vanquished.

Notes
Turn   | Place    | Note
-------+----------+-------------------------------------------
     0 | D:1      | Shayle the Ogre Shapeshifter began the quest for the Orb.
     0 | D:1      | Reached XP level 1. HP: 19/19 MP: 1/1
    76 | D:1      | Reached XP level 2. HP: 24/28 MP: 1/3
    78 | D:1      | Reached skill level 2 in Fighting
   131 | D:1      | Reached skill level 1 in Spellcasting
   276 | D:1      | Reached XP level 3. HP: 29/36 MP: 3/5
   566 | D:2      | Noticed Natasha
   576 | D:2      | Killed Natasha
   577 | D:2      | Reached skill level 3 in Fighting
   577 | D:2      | Reached XP level 4. HP: 19/45 MP: 5/7
   758 | D:2      | Noticed a black bear
   781 | D:2      | Killed a black bear
   782 | D:2      | Reached skill level 4 in Fighting
   782 | D:2      | Reached XP level 5. HP: 8/54 MP: 7/9
   964 | D:2      | Noticed Natasha
   983 | D:2      | Killed Natasha
  1166 | D:2      | Noticed Natasha
  1174 | D:2      | Killed Natasha
  1240 | D:2      | Reached XP level 6. HP: 57/63 MP: 10/10
  1398 | D:2      | Noticed Jessica
  1417 | D:2      | Killed Jessica
  1950 | D:3      | Found a stormy altar of Qazlal.
  1960 | D:3      | Learned a level 3 spell: Frozen Ramparts
  2025 | D:3      | Found a snail-covered altar of Cheibriados.
  2424 | D:3      | Found a faded altar of an unknown god.
  2593 | D:3      | Found a runed translucent gate.
  2603 | D:3      | Found a runed translucent gate.
  2607 | D:3      | Found a runed translucent gate.
  2679 | D:3      | Noticed wormstring's ghost (weakling FeCK)
  2824 | D:4      | Noticed Pikel
  2894 | D:3      | Killed Pikel
  2895 | D:3      | Reached skill level 6 in Fighting
  2895 | D:3      | Reached XP level 7. HP: 46/75 MP: 11/14
  3322 | D:4      | Noticed Ijyb
  3339 | D:4      | Killed Ijyb
  3340 | D:4      | Reached skill level 5 in Unarmed Combat
  3451 | D:4      | Reached XP level 8. HP: 54/83 MP: 15/15
  3753 | D:4      | Noticed Blork the orc
  3780 | D:4      | Killed Blork the orc
  3781 | D:4      | Reached skill level 5 in Spellcasting
  3881 | D:4      | Noticed Eustachio
  3889 | D:4      | Found the Hermit's Pendant {Faith Invo=14 Evo=0 MP+5}
  3892 | D:4      | Killed Eustachio
  3962 | D:3      | Became a worshipper of Qazlal Stormbringer
  4550 | D:4      | Reached skill level 7 in Fighting
  4872 | D:5      | Entered Level 5 of the Dungeon
  4888 | D:5      | Found a runed translucent door.
  5563 | D:5      | Reached XP level 9. HP: 41/94 MP: 19/19
  6098 | D:5      | Found a bloodstained altar of Trog.
  6376 | D:5      | Noticed epsilonplus's ghost (novice VSBr)
  6400 | D:6      | Reached * piety under Qazlal
  6417 | D:6      | You fall into a shaft and drop 2 floors!
  6459 | D:8      | Noticed a death yak
  6459 | D:8      | Noticed a death yak
  6460 | D:8      | Noticed a death yak
  6461 | D:8      | Noticed a death yak
  6473 | D:8      | HP: 3/96 [poisoned by a killer bee]
  6473 | D:8      | Slain by a killer bee

Illustrated notes

Levels and vault maps discovered:
D:1:      sevenhm_arrival_forest_fort_small_4, layout_rooms, minmay_cupped
D:2:      layout_basic, uniq_natasha, uniq_jessica
D:3:      layout_rooms, kennysheep_slug_shrine, mainiacjoe_overflow_alcove_2,
          gammafunk_ghost_necromancy, dilly_ecumenical_altar_fadedgnrine,
          minmay_misc_feat_rows
D:4:      layout_loops_ring, uniq_blork_the_orc, uniq_pikel, uniq_eustachio,
          uniq_ijyb
D:5:      layout_loops_ring, lemuel_tele_altar, ebering_ghost_sewer_d
D:6:      layout_rooms, lemuel_temple_firewalk_b, serial_shops,
          nicolae_shop_behind_doors
D:8:      layout_loops_cross, dpeg_lair_monsters, serial_ice, serial_ice_h,
          serial_ice_l, serial_ice_b, serial_ice_a, serial_ice_e, serial_ice_f,
          serial_ice_d, serial_ice_n, serial_ice_o, serial_ice_c,
          enter_bailey_8, eino_jars

Skill      XL: |  1  2  3  4  5  6  7  8 |
---------------+-------------------------+-----
Fighting       | 2 3 4 6 7 |  7.9
Spellcasting   | 1 2 3 4 6 |  6.3
Unarmed Combat | 3 4 5 6 |  6.1
Ice Magic      | 2 4 |  4.2
Dodging        | |  1.7
Shapeshifting  | |  3.0

Action                     |  1- 3 |  4- 6 |  7- 9 || total
---------------------------+-------+-------+-------++-------
  Melee: Unarmed           |    78 |   176 |   222 ||   476
         Punch             |     6 |     4 |     5 ||    15
  Evoke: Wand              |       |       |     6 ||     6
    Use: Scroll            |       |     3 |    10 ||    13
         Potion            |       |     1 |     3 ||     4
   Stab: Sleeping          |     1 |       |       ||     1
 Armour: Animal skin       |    28 |    40 |    42 ||   110
         Skin              |       |    13 |     2 ||    15
  Dodge: Dodged            |    43 |    82 |   103 ||   228

Table legend: (Time is in decaauts)
 A = Elapsed time spent in this place.
 B = Non-inter-level travel time spent in this place.
 C = Inter-level travel time spent in this place.
 D = Time resting spent in this place.
 E = Time spent auto-exploring this place.
 F = Levels seen in this place.
 G = Mean time per level.
                   A        B        C        D        E       F      G
               +--------+--------+--------+--------+--------+-----+--------+
         Total |   6443 |   6264 |    179 |   1921 |   3106 |   7 |  920.4 |
       Dungeon |   6443 |   6264 |    179 |   1921 |   3106 |   7 |  920.4 |
               +--------+--------+--------+--------+--------+-----+--------+

Top non-repeatable levels by time:
     D:4: 1594 daAuts
     D:5: 1516 daAuts
     D:2: 1429 daAuts
     D:3: 1182 daAuts
     D:1: 646 daAuts
     D:8: 55 daAuts
     D:6: 18 daAuts
